 Seeded DCSS version 0.30-a0-845-g7c6808c8ce (webtiles) character file.

Game seed: 4290115023798346970 (custom seed)

272 demibob the Slicer (level 6, -9/35 HPs)
             Began as a Kobold Brigand on Mar 3, 2023.
             Mangled by a two-headed ogre
             ... wielding a +0 giant club
              (20 damage)
             ... on level 5 of the Dungeon.
             The game lasted 00:02:23 (2006 turns).

demibob the Slicer (Kobold Brigand)                 Turns: 2006, Time: 00:02:24

Health: -9/35      AC:  3    Str:  8    XL:     6   Next: 48%
Magic:  6/6        EV: 15    Int: 13    God:
Gold:   268        SH:  0    Dex: 18    Spells: 5/5 levels left

rFire   . . .      SeeInvis .    a - +1 quick blade (drain)
rCold   + . .      Faith    .    (no shield)
rNeg    . . .      Spirit   .    b - +0 robe
rPois   +          Reflect  .    (no helmet)
rElec   .          Rampage  .    c - +0 cloak
rCorr   .                        (no gloves)
Will    .....                    (no boots)
Stlth   ++++                     (no amulet)
HPRegen 0.25/turn                P - ring of poison resistance
MPRegen 0.10/turn                C - ring of protection from cold

@: no status effects
A: small, no large weapons, nightstalker 3
a: no special abilities


You were on level 5 of the Dungeon.
You visited 1 branch of the dungeon, and saw 5 of its levels.

You collected 268 gold pieces.


Innate Abilities, Weirdness & Mutations

You are small and have problems with some larger weapons.
You are completely attuned to the shadows.


   Skills:
 - Level 2.1 Fighting
 - Level 8.0 Short Blades
 - Level 2.1 Throwing
 + Level 2.0 Dodging
 - Level 5.3 Stealth
 + Level 1.1 Necromancy


You had 5 spell levels left.
You didn't know any spells.
Your spell library contained the following spells:

 Spells                   Type           Power      Damage    Failure   Level
 Foxfire                  Conj/Fire      0%         2x1d4     30%         1
 Fireball                 Conj/Fire      0%         3d3       100%        5
 Starburst                Conj/Fire      0%         6d3       100%        6

Inventory:

Hand Weapons
 a - a +1 quick blade of draining (weapon)
 i - a +2 dagger
Missiles
 d - 9 poisoned darts (quivered)
 e - 3 curare-tipped darts {=f}
Armour
 b - a +0 robe (worn)
 c - a +0 cloak (worn)
Magical Staves
 h - a staff of death {!a}
Jewellery
 r - the ring "Tiq Aqud" {*Slow rC+ Int+7 Dex-3 SInv}
   (You found it on level 3 of the Dungeon)

   [ring of protection from cold]

   Int:       It affects your intelligence (+7).
   Dex:       It affects your dexterity (-3).
   rC:        It protects you from cold.
   SInv:      It lets you see invisible.
   *Slow:     It may slow you when you take damage.
 C - a ring of protection from cold (right hand)
 P - a ring of poison resistance (left hand)
Scrolls
 k - a scroll of identify {unknown}
 m - a scroll of poison {unknown}
 n - a scroll of immolation {unknown}
 o - a scroll of blinking {unknown}
 p - 2 scrolls of teleportation {unknown}
Potions
 f - a potion of berserk rage {unknown}
 g - a potion of degeneration {unknown}
 j - a potion of curing {unknown}
 l - a potion of mutation {unknown}
 q - a potion of might {unknown}
 s - a potion of magic {unknown}

Dungeon Overview and Level Annotations

Branches:
Dungeon (5/15)
 Temple: D:4-7

Altars:

#####.##
.###░░#.#░ h
..#░░#.#░░#
#.######.####
##.#..........
.....####.####
.#.#(#░░#.#░░#
....<#░░#.#░░#
.....####@####
####.#..O.....
###.l#.###.
........
......... ..##
###.


You could see a two-headed ogre (drained) and an iguana.


Message History

No target in view!
No target in view!
No target in view!
No target in view!
No target in view!
You climb downwards.
Found 9 stones.
There is a stone staircase leading up here.
A two-headed ogre is nearby!
A two-headed ogre is nearby!
No reachable target in view!
A hound comes into view.
You see here 9 stones.
An iguana comes into view.
The two-headed ogre shouts in stereo!
The iguana hisses angrily.
The two-headed ogre hits you with a +0 giant club.
The two-headed ogre completely misses you.
You barely miss the two-headed ogre.
You hit the two-headed ogre but do no damage.
You hit the two-headed ogre but do no damage.
You barely miss the two-headed ogre.
You hit the two-headed ogre but do no damage.
You drain the two-headed ogre.
The two-headed ogre is lightly wounded.
The two-headed ogre hits you with a +0 giant club!!
Ouch! That really hurt!
* * * LOW HITPOINT WARNING * * *
The two-headed ogre hits you with a +0 dire flail!!
Ouch! That really hurt!
You die...

Skill      XL: |  1  2  3  4  5  6 |
---------------+-------------------+-----
Short Blades   | 3 4 5 6 8 |  8.0
Necromancy     | 1 |  1.1
Dodging        | 2 |  2.0
Fighting       | |  2.1
Throwing       | |  2.1
Stealth        | |  5.3

Action                     |  1- 3 |  4- 6 || total
---------------------------+-------+-------++-------
  Melee: Dagger            |    34 |       ||    34
         Quick blade       |    29 |    79 ||   108
    Use: Scroll            |     1 |       ||     1
   Stab: Sleeping          |    16 |    16 ||    32
 Armour: Robe              |     6 |     6 ||    12
  Dodge: Dodged            |    15 |    26 ||    41

Levels and vault maps discovered:
D:1:      kennysheep_arrival_seaside, layout_basic, minmay_gold_behind_fungi,
          wander_ebering_terrifying_dragon_lair
D:2:      layout_rooms, nicolae_ecumenical_snake_handling, uniq_jessica
D:3:      layout_basic, nicolae_elevator_lobby_asterisk, uniq_crazy_yiuf_cottage
D:4:      layout_rooms, ebering_ghost_sewer_d, dreamdust_wishing_well,
          uniq_pikel, uniq_ijyb
D:5:      layout_basic, lightli_temple_of_fire, reono_crystal_passage,
          minmay_manual_mess

Notes
Turn   | Place    | Note
-------+----------+-------------------------------------------
     0 | D:1      | demibob the Kobold Brigand began the quest for the Orb.
     0 | D:1      | Reached XP level 1. HP: 12/12 MP: 1/1
    52 | D:1      | Reached skill level 3 in Short Blades
    96 | D:1      | Reached XP level 2. HP: 17/17 MP: 2/2
   359 | D:1      | Reached skill level 4 in Short Blades
   627 | D:1      | Reached XP level 3. HP: 21/21 MP: 3/3
   793 | D:1      | Identified a scroll of acquirement
   793 | D:1      | Acquired a +1 quick blade of draining
  1320 | D:2      | Reached skill level 5 in Short Blades
  1324 | D:2      | Reached XP level 4. HP: 26/26 MP: 4/4
  1337 | D:2      | Found a faded altar of an unknown god.
  1391 | D:2      | Reached skill level 6 in Short Blades
  1450 | D:2      | Reached XP level 5. HP: 30/30 MP: 5/5
  1596 | D:2      | Noticed Jessica
  1603 | D:2      | Killed Jessica
  1735 | D:3      | Identified the ring "Tiq Aqud" {*Slow rC+ Int+7 Dex-3 SInv}
  1836 | D:4      | Reached skill level 7 in Short Blades
  1894 | D:4      | Noticed a black bear
  1908 | D:4      | Killed a black bear
  1909 | D:4      | Reached skill level 8 in Short Blades
  1909 | D:4      | Reached skill level 1 in Necromancy
  1909 | D:4      | Reached XP level 6. HP: 24/35 MP: 6/6
  1988 | D:4      | Reached skill level 2 in Dodging
  1989 | D:5      | Entered Level 5 of the Dungeon
  1989 | D:5      | Noticed a two-headed ogre
  2006 | D:5      | Mangled by a two-headed ogre

Vanquished Creatures
  A black bear (D:4)
  A hound (D:4)
  Jessica (D:2)
  7 adders
  2 worms
  2 dart slugs
  4 bats
  5 endoplasms
  4 giant cockroaches
  5 goblins
  6 hobgoblins
  3 kobolds
  2 quokkas
  2 ball pythons
  4 frilled lizards
  8 rats
57 creatures vanquished.

Vanquished Creatures (others)
  3 toadstools (D:1)
3 creatures vanquished.

Grand Total: 60 creatures vanquished

Table legend: (Time is in decaauts)
 A = Elapsed time spent in this place.
 B = Non-inter-level travel time spent in this place.
 C = Inter-level travel time spent in this place.
 D = Time resting spent in this place.
 E = Time spent auto-exploring this place.
 F = Levels seen in this place.
 G = Mean time per level.
                   A        B        C        D        E       F      G
               +--------+--------+--------+--------+--------+-----+--------+
         Total |   1933 |   1834 |     99 |      0 |   1536 |   5 |  386.6 |
       Dungeon |   1933 |   1834 |     99 |      0 |   1536 |   5 |  386.6 |
               +--------+--------+--------+--------+--------+-----+--------+

Top non-repeatable levels by time:
     D:1: 1230 daAuts
     D:2: 434 daAuts
     D:4: 136 daAuts
     D:3: 118 daAuts
     D:5: 13 daAuts

Table legend:
 A = Non-vault XP
 B = Vault XP
 C = Vault XP percentage of total XP
 D = Non-vault monster count
 E = Vault monster count
 F = Vault count percentage of total count
                 A         B        C        D         E       F
            +---------+---------+-------+---------+---------+-------
      Total |     324 |      65 |  16.7 |      53 |       4 |   7.0
            +---------+---------+-------+---------+---------+-------
        D:1 |      37 |       1 |   2.6 |      21 |       1 |   4.5
        D:2 |      83 |      64 |  43.5 |      20 |       3 |  13.0
        D:3 |      11 |       0 |   0.0 |       6 |       0 |   0.0
        D:4 |     193 |       0 |   0.0 |       6 |       0 |   0.0
            +---------+---------+-------+---------+---------+-------
